 Dungeon Crawl Stone Soup version 0.28-a0-1199-gef9e1dbd39 (webtiles) character file.

Game seed: 2091470789153894311

82 Gargoyl the Skirmisher (level 4, -1/41 HPs)
             Began as a Gnoll Abyssal Knight on Dec 19, 2021.
             Was a Follower of Lugonu.
             Succumbed to a gnoll's poison
             ... on level 2 of the Dungeon.
             The game lasted 00:01:27 (1381 turns).

Gargoyl the Skirmisher (Gnoll Abyssal Knight)       Turns: 1381, Time: 00:01:27

Health: -1/41      AC: 12    Str: 14    XL:     4   Next: 43%
Magic:  7/7        EV:  4    Int:  9    God:    Lugonu [*.....]
Gold:   82         SH:  0    Dex: 13    Spells: 5/5 levels left

rFire   . . .      SeeInvis .   a - +1 hand axe
rCold   . . .      Faith    .   (no shield)
rNeg    . . .      Spirit   .   b - +0 plate armour
rPois   .          Reflect  .   (no helmet)
rElec   .          Harm     .   (no cloak)
rCorr   .          Rampage  .   (no gloves)
Will    .....                   (no boots)
Stlth   ..........              (no amulet)
HPRegen 0.13/turn               (no ring)
MPRegen 0.10/turn               (no ring)

@: lethally poisoned (-1 -> -18), attractive
A: fangs 1, strong nose, distributed training
a: Renounce Religion, Depart the Abyss


You were on level 2 of the Dungeon.
You worshipped Lugonu.
Lugonu was aware of your devotion.
You visited 1 branch of the dungeon, and saw 2 of its levels.
You visited the Abyss 1 time.

You collected 82 gold pieces.

Inventory:

Hand Weapons
 a - a +1 hand axe (weapon)
Armour
 b - a +0 plate armour (worn)
Scrolls
 d - 2 scrolls of teleportation {unknown}
 e - a scroll of noise {unknown}
 f - a scroll of enchant weapon {unknown}
Potions
 c - a potion of attraction
 g - a potion of berserk rage {unknown}
 h - a potion of mutation {unknown}


   Skills:
 + Level 6.6 Fighting
 + Level 1.1 Short Blades
 + Level 1.1 Long Blades
 + Level 4.6 Axes
 + Level 1.1 Maces & Flails
 + Level 1.1 Polearms
 + Level 1.1 Staves
 + Level 1.1 Slings
 + Level 1.1 Bows
 + Level 1.1 Crossbows
 + Level 1.1 Throwing
 + Level 4.6 Armour
 + Level 2.7 Dodging
 + Level 1.1 Stealth
 + Level 1.1 Shields
 + Level 1.1 Unarmed Combat
 + Level 1.1 Spellcasting
 + Level 0.9 Conjurations
 + Level 0.9 Hexes
 + Level 0.9 Summonings
 + Level 0.9 Necromancy
 + Level 0.9 Translocations
 + Level 0.9 Transmutations
 + Level 0.9 Fire Magic
 + Level 0.9 Ice Magic
 + Level 0.9 Air Magic
 + Level 0.9 Earth Magic
 + Level 0.9 Poison Magic
 + Level 4.7 Invocations
 + Level 1.1 Evocations


You had 5 spell levels left.
You didn't know any spells.
Your spell library was empty.

Dungeon Overview and Level Annotations

Branches:
Dungeon (2/15)

Altars:
Dithmenos


Innate Abilities, Weirdness & Mutations

You have very sharp teeth.
Your uncanny sense of smell can sniff out nearby items.
Your experience applies equally to all skills.


Message History

The gnoll shouts! x2; You hear a shout!
There is an open door here.
The gnoll barely misses you.
A goblin comes into view. It is wielding a +2 dagger of freezing.
You barely miss the gnoll. The gnoll hits you but does no damage.
The gnoll hits you with a +0 whip of venom.
You are poisoned.
The gnoll hits you with a +0 spear.
There is an open door, spattered with blood here.
You barely miss the gnoll. You bite the gnoll, but do no damage.
You hit the gnoll.
You feel very sick.
The gnoll hits you with a +0 whip of venom.
You are more poisoned.
The gnoll hits you but does no damage.
You closely miss the gnoll. You barely miss the gnoll.
You feel very sick. The gnoll hits you but does no damage.
The gnoll hits you with a +0 spear.
You barely miss the gnoll. You bite the gnoll, but do no damage.
You barely miss the gnoll.
You feel very sick. The gnoll closely misses you.
The gnoll hits you but does no damage.
Unknown command.
You hit the gnoll but do no damage. You hit the gnoll.
* * * LOW HITPOINT WARNING * * *
You feel very sick. The gnoll hits you but does no damage.
You are lethally poisoned!
The gnoll hits you but does no damage.
Unknown command.
* * * LOW HITPOINT WARNING * * *
You feel very sick. The gnoll hits you but does no damage.
You are more poisoned.
The gnoll hits you but does no damage.
* * * LOW HITPOINT WARNING * * *
You feel very sick.
It was a potion of attraction.
You feel attractive to monsters.
You die...

#.# #.#
############
##.####...........
###
##...........######
#...##.....#..#.#.#
# #...........#.#.#
#.##......#####.#.#
###..####.### #.#.#
......###@# #.#.#
♣.$gg.g# #.#.#
.....g##..# #.#.#
###.. ##.# #.# #.
#.# #.# # #.# ..#
..# .##


You could see 3 gnolls and a goblin.

Vanquished Creatures
  Jessica (D:2)
  Natasha (D:2)
  An adder (D:2)
  A dart slug (D:1)
  An endoplasm (D:2)
  5 hobgoblins
  A quokka (D:1)
  3 ball pythons
  2 bats
  3 kobolds
  4 rats (D:1)
23 creatures vanquished.

Notes
Turn   | Place    | Note
-------+----------+-------------------------------------------
     0 | Abyss:1  | Gargoyl the Gnoll Abyssal Knight began the quest for the
                  | Orb.
     0 | Abyss:1  | Reached XP level 1. HP: 23/23 MP: 3/3
    50 | Abyss:1  | Noticed a blink frog
    96 | D:1      | Escaped the Abyss
   504 | D:1      | Reached XP level 2. HP: 28/29 MP: 5/5
   508 | D:1      | Reached * piety under Lugonu
   946 | D:2      | Noticed Jessica
   956 | D:2      | Killed Jessica
   957 | D:2      | Reached XP level 3. HP: 35/35 MP: 6/6
   971 | D:2      | Found a shadowy altar of Dithmenos.
  1080 | D:2      | Reached skill level 1 in Short Blades
  1080 | D:2      | Reached skill level 1 in Long Blades
  1080 | D:2      | Reached skill level 1 in Maces & Flails
  1080 | D:2      | Reached skill level 1 in Polearms
  1080 | D:2      | Reached skill level 1 in Staves
  1080 | D:2      | Reached skill level 1 in Slings
  1080 | D:2      | Reached skill level 1 in Bows
  1080 | D:2      | Reached skill level 1 in Crossbows
  1080 | D:2      | Reached skill level 1 in Throwing
  1080 | D:2      | Reached skill level 1 in Stealth
  1080 | D:2      | Reached skill level 1 in Shields
  1080 | D:2      | Reached skill level 1 in Unarmed Combat
  1080 | D:2      | Reached skill level 1 in Spellcasting
  1080 | D:2      | Reached skill level 1 in Evocations
  1080 | D:2      | Reached XP level 4. HP: 29/41 MP: 7/7
  1215 | D:2      | Noticed Natasha
  1226 | D:2      | Killed Natasha
  1381 | D:2      | Succumbed to a gnoll's poison

Illustrated notes

Levels and vault maps discovered:
D:1:      matt_arrival_spirals, layout_basic, minmay_misc_feat_iff,
          minmay_misc_feat_columns
D:2:      layout_loops_ring, basic_altar, grunt_ministairs_15, uniq_jessica,
          uniq_natasha

Skill      XL: |  1  2  3 |
---------------+----------+-----
Short Blades   | 1 |  1.1
Long Blades    | 1 |  1.1
Maces & Flails | 1 |  1.1
Polearms       | 1 |  1.1
Staves         | 1 |  1.1
Slings         | 1 |  1.1
Bows           | 1 |  1.1
Crossbows      | 1 |  1.1
Throwing       | 1 |  1.1
Stealth        | 1 |  1.1
Shields        | 1 |  1.1
Unarmed Combat | 1 |  1.1
Spellcasting   | 1 |  1.1
Evocations     | 1 |  1.1
Fighting       | |  6.6
Axes           | |  4.6
Armour         | |  4.6
Dodging        | |  2.7
Conjurations   | |  0.9
Hexes          | |  0.9
Summonings     | |  0.9
Necromancy     | |  0.9
Translocations | |  0.9
Transmutations | |  0.9
Fire Magic     | |  0.9
Ice Magic      | |  0.9
Air Magic      | |  0.9
Earth Magic    | |  0.9
Poison Magic   | |  0.9
Invocations    | |  4.7

Action                   |  1- 3 |  4- 6 || total
-------------------------+-------+-------++-------
Melee: Hand axe          |    69 |    14 ||    83
       Bite              |     6 |     3 ||     9
Invok: Depart the Abyss  |     1 |       ||     1
  Use: Potion            |       |     1 ||     1
Armor: Plate armour      |    57 |    10 ||    67
Dodge: Dodged            |    16 |     6 ||    22

Table legend: (Time is in decaauts)
 A = Elapsed time spent in this place.
 B = Non-inter-level travel time spent in this place.
 C = Inter-level travel time spent in this place.
 D = Time resting spent in this place.
 E = Time spent auto-exploring this place.
 F = Levels seen in this place.
 G = Mean time per level.
                   A        B        C        D        E       F      G
               +--------+--------+--------+--------+--------+-----+--------+
         Total |   1386 |   1378 |      8 |      0 |   1037 |   3 |  462.0 |
       Dungeon |   1290 |   1282 |      8 |      0 |   1013 |   2 |  645.0 |
         Abyss |     96 |     96 |      0 |      0 |     24 |   1 |   96.0 |
               +--------+--------+--------+--------+--------+-----+--------+

Top non-repeatable levels by time:
     D:1: 846 daAuts
     D:2: 444 daAuts
 Abyss:1: 96 daAuts
